AoeStats
← NaiserPC

MegaRandom

510447722Analyzed
3v3 RM · 1d ago on Oct 1, 2026· 34m 3s· 6 players
Game mode
Random Map
Map size
Normal (6 player)
Population
200
Speed
Normal
Resources
Standard
Victory
Conquest
Starting age
Dark Age
Ending age
Imperial Age
RankedLock teamsTeams togetherTeam positionsShared explorationLock speedFull tech treeHidden civsTurbo modeCheats
Victory
Defeat
🇺🇸 Bulgarians · United States
866
+15
🇺🇸 Romans · United States
863
+15
🇺🇸 Mapuche · United States
855
+16
🇺🇸 Dravidians · United States
868
-16
🇺🇸 Spanish · United States
849
-33
🇨🇳 Magyars · China
835
-15
BornOnTheBayou
10:02 Feudal Age
8:21 Loom
12:13 Double-Bit Axe
21:36 Man-at-Arms
22:04 Arson
24:36 Castle Age
23:12 Wheelbarrow
23:38 Forging
26:23 Iron Casting
25:47 Long Swordsman
26:28 Squires
27:07 Gambesons
28:45 Hand Cart
28:10 Pikeman
IlIlIIIlIl69
0:40 Loom
12:29 Feudal Age
13:02 Double-Bit Axe
13:08 Horse Collar
13:20 Fishing Lines
14:43 Wheelbarrow
19:46 Castle Age
18:17 Gold Mining
18:18 Stone Mining
20:38 Bow Saw
20:33 Heavy Plow
20:44 Town Watch
21:34 Medium Warships
21:26 Fletching
21:37 Padded Archer Armor
22:00 Hand Cart
26:53 Bodkin Arrow
32:02 Masonry
32:24 Thumb Ring
33:19 Ballistics
399248324
13:07 Feudal Age
14:03 Double-Bit Axe
13:43 Man-at-Arms
14:19 Horse Collar
14:24 Fishing Lines
17:23 Wheelbarrow
34:04 Castle Age
Zekkie
6:08 Loom
8:18 Feudal Age
10:12 Double-Bit Axe
12:59 Champi Runner
14:26 Horse Collar
14:42 Gold Mining
22:55 Castle Age
20:49 Stone Mining
21:51 Padded Archer Armor
21:42 Fletching
24:39 Bow Saw
25:49 Wheelbarrow
26:13 Gold Shaft Mining
26:00 Leather Archer Armor
25:42 Bodkin Arrow
30:37 Heavy Plow
31:13 Stone Shaft Mining
32:16 Malon
32:47 Ballistics
36:46 Imperial Age
34:37 Hand Cart
NaiserPC
4:03 Loom
11:13 Feudal Age
12:02 Horse Collar
12:13 Man-at-Arms
13:00 Double-Bit Axe
17:03 Wheelbarrow
19:45 Castle Age
18:57 Scale Mail Armor
19:08 Forging
20:21 Long Swordsman
20:22 Pikeman
21:03 Squires
22:44 Chain Mail Armor
26:44 Ballistics
28:53 Iron Casting
32:59 Imperial Age
31:11 Heavy Plow
32:35 Ballistas
Danny_On_PC
0:44 Loom
11:44 Feudal Age
12:16 Double-Bit Axe
13:06 Horse Collar
15:25 Fishing Lines
17:12 Forging
17:02 Scale Mail Armor
23:22 Fletching
23:49 Arson
26:06 Castle Age
25:25 Bloodlines
28:53 Iron Casting
29:17 Husbandry
29:29 Scale Barding Armor
29:40 Chain Mail Armor
29:18 Gambesons
30:52 Squires
Connection lost

Rejoining the realm…

Still unreachable

The connection could not be restored.

Session expired

The server has moved on; the page needs a fresh start.